 Dungeon Crawl Stone Soup version 0.31-a0-521-gc7390f8 (webtiles) character file.

Game seed: 16292551382899695469

89009 Cunctator the Grappler (level 15, -13/118 HPs)
             Began as a Gnoll Shapeshifter on Aug 10, 2023.
             Was the Champion of Cheibriados.
             Mangled by a tentacle (17 damage)
             ... attached to a kraken
             ... on level 1 of the Shoals.
             The game lasted 02:22:51 (25893 turns).

Cunctator the Grappler (Gnoll Shapeshifter)        Turns: 25893, Time: 02:22:52

Health: -13/118    AC: 27    Str: 30    XL:     15   Next: 95%
Magic:  9/29       EV: 24    Int: 28    God:    Cheibriados [******]
Gold:   1993       SH:  5    Dex: 29    Spells: 20/35 levels left

rFire   . . .        Z - staff of cold
rCold   + . .        (no shield)
rNeg    . . .        z - melded +5 robe of Woxt {rN+ Str+2}
rPois   +            r - +0 helmet
rElec   .            (no cloak)
rCorr   .            D - +2 pair of gloves "Viulem Leara" {rPois}
SInv    .            J - +2 pair of boots {Fly}
Will    +....        I - amulet of reflection
Stlth   +++++        b - +4 ring of protection
HPRegen 0.39/turn    n - +4 ring of protection
MPRegen 0.21/turn

%: reflection
@: mighty, ice-armoured, maw-form, flying, very slow
A: devouring maw, fangs 1, strong nose, distributed training
a: Begin Untransformation, Renounce Religion, Bend Time, Temporal Distortion,
Slouch, Step From Time


You were on level 1 of the Shoals.
You worshipped Cheibriados.
Cheibriados was exalted by your worship.
You were a creature with a mouth for a stomach.
You visited 4 branches of the dungeon, and saw 23 of its levels.
You also visited: Bailey.

You collected 2294 gold pieces.
You spent 301 gold pieces at shops.

Inventory:

Hand Weapons
 m - a +4 short sword
 G - a +2 heavy orcbow
 H - a +5 great sword
Missiles
 e - 6 curare-tipped darts
 g - 21 poisoned darts (quivered)
Armour
 d - a +2 robe of willpower
 r - a +0 helmet (worn)
 z - the +5 robe of Woxt (melded) {rN+ Str+2}
   (You found it on level 3 of the Lair of Beasts)

   Str+2:     It affects your strength (+2).
   rN+:       It protects you from negative energy.
 D - the +2 pair of gloves "Viulem Leara" (worn) {rPois}
   (You found it in a bailey)

   rPois:     It protects you from poison
 J - a +2 pair of boots of flying (worn)
Magical Staves
 u - a staff of conjuration
 Z - a staff of cold (weapon)
Jewellery
 b - a +4 ring of protection (left hand)
 n - a +4 ring of protection (right hand)
 s - an amulet of regeneration
 I - an amulet of reflection (around neck)
 L - a +5 ring of evasion
 X - a ring of ice
 Y - the amulet "Fovoremy" {Acrobat rN+ Str+3}
   (You found it on level 3 of the Lair of Beasts)

   [amulet of the acrobat]

   Acrobat:   It increases your evasion while moving and waiting.
   Str+3:     It affects your strength (+3).
   rN+:       It protects you from negative energy.
Talismans
 c - a maw talisman (active)
 C - a blade talisman
Wands
 v - a wand of flame (19)
 x - a wand of mindburst (7)
 F - a wand of polymorph (8)
 M - a wand of acid (3)
 P - a wand of charming (3)
 S - a wand of digging (10)
Scrolls
 i - 3 scrolls of enchant armour
 j - 2 scrolls of revelation
 l - a scroll of acquirement {unknown}
 p - 5 scrolls of immolation
 q - 8 scrolls of fog
 y - a scroll of silence {unknown}
 A - 5 scrolls of fear
 B - 5 scrolls of blinking
 E - 3 scrolls of amnesia
 K - 3 scrolls of butterflies {unknown}
 O - 6 scrolls of teleportation
 U - 2 scrolls of vulnerability {unknown}
Potions
 a - a potion of lignification
 h - 10 potions of curing
 k - 3 potions of attraction
 o - 4 potions of brilliance
 t - 8 potions of enlightenment
 w - 2 potions of ambrosia {unknown}
 N - a potion of mutation {unknown}
 R - a potion of invisibility {unknown}
 T - 2 potions of might
 V - 3 potions of resistance {unknown}
 W - 3 potions of magic {unknown}


   Skills:
 + Level 11.0 Fighting
 + Level 10.7 Short Blades
 + Level 10.7 Long Blades
 + Level 10.7 Axes
 + Level 10.7 Maces & Flails
 + Level 10.7 Polearms
 + Level 10.7 Staves
 + Level 10.7 Ranged Weapons
 + Level 10.7 Throwing
 + Level 10.7 Armour
 + Level 11.6 Dodging
 + Level 10.7 Stealth
 + Level 10.7 Shields
 + Level 12.4 Unarmed Combat
 + Level 10.7 Spellcasting
 + Level 9.0 Conjurations
 + Level 9.0 Hexes
 + Level 9.0 Summonings
 + Level 9.0 Necromancy
 + Level 9.0 Translocations
 + Level 9.0 Transmutations
 + Level 9.0 Fire Magic
 + Level 9.0 Ice Magic
 + Level 9.0 Air Magic
 + Level 9.0 Earth Magic
 + Level 9.0 Poison Magic
 + Level 11.6 Invocations
 + Level 10.7 Evocations
 + Level 11.1 Shapeshifting


You had 20 spell levels left.
You knew the following spells:

 Your Spells              Type           Power      Damage    Failure   Level
a - Ozocubu's Armour      Ice            78%        N/A       1%          3
b - Frozen Ramparts       Ice            100%       1d16      1%          3
c - Airstrike             Air            30%        2d(5-21)  1%          4
d - Freezing Cloud        Conj/Ice/Air   39%        6-21      2%          5

Your spell library contained the following spells:

 Spells                   Type           Power      Damage    Failure   Level
 Kiss of Death            Conj/Necr      100%       2d13      1%          1
 Slow                     Hex            100%       N/A       1%          1
 Summon Small Mammal      Summ           100%       N/A       1%          1
 Static Discharge         Conj/Air       100%       2-7/arc   1%          2
 Call Canine Familiar     Summ           60%        N/A       1%          3
 Confusing Touch          Hex            60%        N/A       1%          3
 Ignite Poison            Fire/Tmut/Pois 60%        N/A       1%          3
 Summon Guardian Golem    Hex/Summ       60%        N/A       1%          3
 Vampiric Draining        Necr           60%        2d10      1%          3
 Animate Dead             Necr           60%        N/A       1%          4
 Dispel Undead            Necr           60%        3d21      1%          4
 Summon Lightning Spire   Summ/Air       60%        N/A       1%          4
 Fireball                 Conj/Fire      30%        3d13      2%          5
 Haunt                    Necr/Summ      30%        N/A       61%         7
 Infestation              Necr           30%        N/A       99%         8


Dungeon Overview and Level Annotations

Branches:
Dungeon (15/15)            Temple (0/1) D:5            Lair (5/5) D:8
 Shoals (1/4) Lair:3       Spider (0/4) Lair:3        Slime (0/5) Lair:4
    Orc (2/2) D:11            Elf (0/3) Orc:2        Vaults (0/5) D:14
 Depths (0/4) D:15         Bailey (visited)

Altars:
Ashenzari
Cheibriados
Dithmenos
Elyvilon
Gozag
Hepliaklqana
Makhleb
Nemelex Xobeh
Okawaru
Qazlal
Ru
Uskayaw
Wu Jian
Xom
Yredelemnul
The Shining One
Jiyva

Shops:
D:6 **   D:7 [   D:14 =   Orc:2 ((!*:

Annotations:
D:13 Rupert
D:14 exclusion: door
D:15 3 runed translucent doors, exclusion: 3 doors, NoWhammies's ghost, adept DjHW
Lair:5 Kirke


Innate Abilities, Weirdness & Mutations

You are a creature with a mouth for a stomach.
Your midsection houses a second, enormous mouth.
You have very sharp teeth.
Your uncanny sense of smell can sniff out nearby items.
Your experience applies equally to all skills.


Message History

The tentacle barely misses you. The tentacle closely misses you.
The tentacle barely misses you.
You feel much better. The tentacle misses you.
The tentacle slaps you but does no damage.
The tentacle slaps you. You block the tentacle's attack.
The kraken squirts a massive cloud of ink into the water!
Unknown command.
You feel very mighty all of a sudden.
You block the tentacle's attack. x2; The tentacle slaps you!
The tentacle slaps you but does no damage.
The kraken squirts a massive cloud of ink into the water!
The tentacle barely misses you. The tentacle misses you.
The tentacle closely misses you.
The tentacle slaps you but does no damage.
You hit the kraken! You freeze the kraken!
The kraken seems to slow down.
You bite the kraken, but do no damage. You bite the kraken!
The kraken is almost dead.
The tentacle completely misses you. The tentacle closely misses you.
The tentacle completely misses you. The tentacle closely misses you.
The kraken bites you!!
* * * LOW HITPOINT WARNING * * *
Okay, then.
Unknown command.
Casting: Freezing Cloud (dangerous; 2% risk of failure)
Confirm with . or Enter, or press ? or * to list all spells.
Aiming: Airstrike (mildly dangerous; 1% risk of failure)
Press: ? - help, Dir - move target, f/p - kraken
Aim: a kraken (ink, water, almost dead, slow, empty space bonus: 4/8)
Okay, then.
Unknown command.
You feel much better. The tentacle misses you. The tentacle slaps you!
* * * LOW HITPOINT WARNING * * *
The tentacle misses you. x2
The tentacle slaps you but does no damage.
The tentacle slaps you!
* * * LOW HITPOINT WARNING * * *
The tentacle slaps you!!
* * * LOW HITPOINT WARNING * * *
The tentacle slaps you!
You die...

#≈≈~~~....~..##....~~~~.
#≈≈~~~....~>.###...~~~~.
#≈≈~~}.##..>........~~~~
#≈≈≈~~.#...~~.......~..~
#≈≈≈~~..~~~~~....##.~~~.
#≈≈≈~§§~§§~~~~......~~~.
#≈≈§§§§§§§~≈~~~~~...~~~~
#≈≈§≈≈§§w§≈~~~~~~..~~~~~
#≈≈≈≈§wW§§~~~~~~~. ~~~~~
#≈≈≈≈§wXw§~≈~~~~~. .~~~~
#≈≈≈≈§§§§§~≈~~~.. ..~~~
#≈≈≈≈≈≈≈≈≈≈≈≈~~~ #.~~~
#≈≈≈≈≈≈≈≈≈≈≈≈~~ ..~..
#≈≈≈≈≈≈≈≈≈≈≈≈≈~ .....
#≈≈≈≈≈≈≈≈≈≈≈≈≈~ ##.##
#≈≈≈≈≈≈≈≈≈≈≈≈≈~ # #
#≈≈≈≈≈≈≈≈≈≈≈≈≈~ #


You could see a kraken (slow) and 4 tentacles.

Vanquished Creatures
  A merfolk impaler (Shoals:1)
  The ghost of PiratePeteNZ the Fighter, a journeyman DjCj of Okawaru (Orc:1)
  Erolcha (D:13)
  4 vault guards (D:14)
  2 hydras
  4 centaur warriors
  A merfolk aquamancer (Shoals:1)
  2 boulder beetles
  7 death yaks
  3 tengu warriors
  4 skeletal warriors (D:15)
  2 skysharks (Lair:5)
  A sea snake (Shoals:1)
  A glowing orange brain (D:15)
  Pikel (D:8)
  4 lindwurms (D:13)
  3 deep elf pyromancers (D:14)
  6 orc knights
  A wolf spider (Lair:4)
  A glowing shapeshifter (D:15)
  2 orc sorcerers
  3 wolf spider zombies (D:14)
  5 cyclopes
  9 ugly things
  4 manticores
  4 elephants (Lair:2)
  A guardian serpent (Lair:5)
  4 merfolk sirens
  2 torpor snails (Lair:5)
  4 black mambas
  A guardian serpent (shapeshifter) (D:15)
  21 cane toads
  4 rime drakes
  A gargoyle (D:12)
  An unseen horror (D:7)
  11 komodo dragons
  7 centaur skeletons (D:14)
  A freezing wraith (D:14)
  3 tengu conjurers
  2 efreet (D:14)
  A harpy zombie (D:14)
  A troll (D:10)
  4 polar bears
  5 merfolk (Shoals:1)
  2 hornets (Lair:5)
  6 dream sheep
  20 blink frogs
  10 slime creatures
  2 snapping turtles (Shoals:1)
  3 wraiths
  2 water elementals (Shoals:1)
  2 jumping spiders (Lair:3)
  2 shadows (D:10)
  A vampire (D:9)
  14 wyverns
  3 culicivoras (Lair:3)
  2 centaur simulacra (D:12)
  34 yaks
  7 hogs (Lair:5)
  2 basilisks
  A steam dragon (D:8)
  Grum (D:10)
  A redback (Lair:3)
  2 vampire mosquitoes (D:12)
  2 wargs
  16 water moccasins
  2 acid dragons
  33 orc warriors
  2 hornet zombies (D:7)
  A meliai simulacrum (D:12)
  5 ice beasts
  2 black bears
  8 ogres
  8 wolves
  14 centaurs
  A lemure (D:9)
  2 phantoms
  A kobold brigand (D:9)
  8 bullfrogs
  A gnoll sergeant (D:7)
  3 wyvern zombies (D:7)
  4 scorpions
  15 wights
  6 killer bees (D:11)
  9 howler monkeys
  A vampire bat (Orc:2)
  An electric eel (D:12)
  3 bullfrog zombies (D:7)
  6 centaur zombies
  A jelly (D:5)
  4 hounds
  9 orc priests
  16 orc wizards
  5 hell rats
  3 iguanas
  Terence (D:2)
  3 boggart skeletons (D:14)
  A killer bee zombie (D:7)
  A boggart simulacrum (D:12)
  3 howler monkey zombies (D:7)
  7 gnolls
  6 adders
  3 river rats (D:8)
  A shadow imp (D:7)
  A white imp (D:12)
  5 ufetubi
  4 dart slugs
  79 orcs
  5 ball pythons
  5 endoplasms
  2 giant cockroaches
  11 goblins
  8 hobgoblins
  6 jackals
  20 kobolds
  4 quokkas
  11 bats
  2 frilled lizards
  7 rats
656 creatures vanquished.

Vanquished Creatures (collateral kills)
  A gnoll (Bailey)
1 creature vanquished.

Vanquished Creatures (others)
  A gnoll (D:7)
  An ufetubus (D:12)
2 creatures vanquished.

Grand Total: 659 creatures vanquished

Notes
Turn   | Place    | Note
-------+----------+-------------------------------------------
     0 | D:1      | Cunctator the Gnoll Shapeshifter began the quest for the
                  | Orb.
     0 | D:1      | Reached XP level 1. HP: 17/17 MP: 1/1
   103 | D:1      | Reached XP level 2. HP: 23/23 MP: 2/2
   289 | D:1      | Reached XP level 3. HP: 22/28 MP: 3/3
   586 | D:2      | Found a faded altar of an unknown god.
   634 | D:2      | Reached skill level 1 in Invocations
   677 | D:2      | Reached skill level 1 in Short Blades
   677 | D:2      | Reached skill level 1 in Long Blades
   677 | D:2      | Reached skill level 1 in Axes
   677 | D:2      | Reached skill level 1 in Maces & Flails
   677 | D:2      | Reached skill level 1 in Polearms
   677 | D:2      | Reached skill level 1 in Staves
   677 | D:2      | Reached skill level 1 in Ranged Weapons
   677 | D:2      | Reached skill level 1 in Throwing
   677 | D:2      | Reached skill level 1 in Armour
   677 | D:2      | Reached skill level 1 in Stealth
   677 | D:2      | Reached skill level 1 in Shields
   677 | D:2      | Reached skill level 1 in Spellcasting
   677 | D:2      | Reached skill level 1 in Evocations
   706 | D:2      | Reached XP level 4. HP: 27/34 MP: 5/5
  1274 | D:1      | Reached skill level 1 in Conjurations
  1274 | D:1      | Reached skill level 1 in Hexes
  1274 | D:1      | Reached skill level 1 in Summonings
  1274 | D:1      | Reached skill level 1 in Necromancy
  1274 | D:1      | Reached skill level 1 in Translocations
  1274 | D:1      | Reached skill level 1 in Transmutations
  1274 | D:1      | Reached skill level 1 in Fire Magic
  1274 | D:1      | Reached skill level 1 in Ice Magic
  1274 | D:1      | Reached skill level 1 in Air Magic
  1274 | D:1      | Reached skill level 1 in Earth Magic
  1274 | D:1      | Reached skill level 1 in Poison Magic
  1446 | D:2      | Noticed Terence
  1449 | D:2      | Killed Terence
  1611 | D:3      | Reached XP level 5. HP: 40/40 MP: 5/7
  2077 | D:4      | Found a snail-covered altar of Cheibriados.
  2077 | D:4      | Found a glowing golden altar of the Shining One.
  2082 | D:4      | Found a broken altar of Ashenzari.
  2085 | D:4      | Found a hazy altar of Hepliaklqana.
  2088 | D:4      | Found a stormy altar of Qazlal.
  2094 | D:4      | Found a sacrificial altar of Ru.
  2124 | D:4      | Became a worshipper of Cheibriados the Contemplative
  2308 | D:4      | Reached XP level 6. HP: 47/47 MP: 8/8
  2373 | D:4      | Reached skill level 5 in Dodging
  3057 | D:5      | Entered Level 5 of the Dungeon
  3194 | D:5      | Reached * piety under Cheibriados
  3214 | D:5      | Reached skill level 7 in Unarmed Combat
  3214 | D:5      | Reached XP level 7. HP: 34/52 MP: 10/10
  3538 | D:5      | Got Qughah's Commentary on Freezing Arson
  3836 | D:5      | Found a staircase to the Ecumenical Temple.
  3844 | D:5      | Found an opulent altar of Gozag.
  3983 | D:6      | Reached XP level 8. HP: 60/60 MP: 12/12
  4273 | D:6      | Found Xidiy's Specific Store.
  4281 | D:6      | Found Luruerai's General Store.
  4285 | D:6      | Bought a scroll of identify for 28 gold pieces
  4285 | D:6      | Bought a scroll of identify for 28 gold pieces
  4285 | D:6      | Bought 2 potions of heal wounds for 140 gold pieces
  4343 | D:5      | Reached ** piety under Cheibriados
  4697 | D:7      | Noticed a wyvern
  4878 | D:7      | Killed a wyvern
  4990 | D:7      | Reached XP level 9. HP: 56/66 MP: 14/14
  5062 | D:7      | Noticed an unseen horror
  5067 | D:7      | Killed an unseen horror
  5192 | D:7      | Reached skill level 5 in Fighting
  5340 | D:7      | Found Irosuliz's Armour Shop.
  5360 | D:7      | Learned a level 3 spell: Ozocubu's Armour
  5401 | D:7      | Reached *** piety under Cheibriados
  5477 | D:7      | Reached skill level 8 in Unarmed Combat
  5514 | D:7      | Learned a level 3 spell: Frozen Ramparts
  5618 | D:7      | Reached skill level 5 in Invocations
  5875 | D:7      | Found a basalt altar of Yredelemnul.
  5882 | D:7      | Identified the +6 whip of Affioci {flame, Drain rElec rN+++
                  | Str-5}
  6598 | D:8      | Found a white marble altar of Elyvilon.
  6693 | D:8      | Reached **** piety under Cheibriados
  6694 | D:8      | Reached XP level 10. HP: 59/75 MP: 17/17
  6877 | D:9      | Found an iron altar of Okawaru.
  6915 | D:9      | Reached skill level 5 in Short Blades
  6915 | D:9      | Reached skill level 5 in Long Blades
  6915 | D:9      | Reached skill level 5 in Axes
  6915 | D:9      | Reached skill level 5 in Maces & Flails
  6915 | D:9      | Reached skill level 5 in Polearms
  6915 | D:9      | Reached skill level 5 in Staves
  6915 | D:9      | Reached skill level 5 in Ranged Weapons
  6915 | D:9      | Reached skill level 5 in Throwing
  6915 | D:9      | Reached skill level 5 in Armour
  6915 | D:9      | Reached skill level 5 in Stealth
  6915 | D:9      | Reached skill level 5 in Shields
  6915 | D:9      | Reached skill level 5 in Spellcasting
  6915 | D:9      | Reached skill level 5 in Evocations
  7122 | D:9      | Found a flagged portal.
  7155 | D:9      | Reached ***** piety under Cheibriados
  7166 | Bailey   | Entered a bailey
  7245 | Bailey   | Noticed an orc knight
  7560 | Bailey   | Killed an orc knight
  7561 | Bailey   | Reached skill level 9 in Unarmed Combat
  7561 | Bailey   | Reached XP level 11. HP: 38/83 MP: 11/19
  7707 | Bailey   | Identified the +2 pair of gloves "Viulem Leara" {rPois}
  8003 | D:8      | Reached skill level 5 in Conjurations
  8003 | D:8      | Reached skill level 5 in Hexes
  8003 | D:8      | Reached skill level 5 in Summonings
  8003 | D:8      | Reached skill level 5 in Necromancy
  8003 | D:8      | Reached skill level 5 in Translocations
  8003 | D:8      | Reached skill level 5 in Transmutations
  8003 | D:8      | Reached skill level 5 in Fire Magic
  8003 | D:8      | Reached skill level 5 in Ice Magic
  8003 | D:8      | Reached skill level 5 in Air Magic
  8003 | D:8      | Reached skill level 5 in Earth Magic
  8003 | D:8      | Reached skill level 5 in Poison Magic
  8060 | D:8      | Noticed a death yak
  8060 | D:8      | Noticed a death yak
  8948 | D:10     | Entered Level 10 of the Dungeon
  9330 | D:10     | Noticed Grum
  9344 | D:10     | Killed Grum
  9389 | D:10     | Found a burning altar of Makhleb.
  9389 | D:10     | Noticed a blizzard demon
 10107 | D:11     | Found a staircase to the Orcish Mines.
 10732 | D:12     | Noticed a manticore
 10742 | D:12     | Killed a manticore
 10813 | D:12     | Noticed a cyclops
 10891 | D:12     | Found an ornate altar of the Wu Jian Council.
 10897 | D:12     | Noticed a brown ugly thing
 10906 | D:12     | Killed a red ugly thing
 10964 | D:12     | Found a sparkling altar of Nemelex Xobeh.
 10964 | D:12     | Found a glowing golden altar of the Shining One.
 10966 | D:12     | Found a shimmering altar of Xom.
 10966 | D:12     | Found a glowing golden altar of the Shining One.
 10966 | D:12     | Found a hide-covered altar of Uskayaw.
 11517 | D:12     | Noticed a red ugly thing
 11528 | D:12     | Killed a purple ugly thing
 11747 | D:8      | Noticed a death yak
 11761 | D:8      | Killed a death yak
 11762 | D:8      | Reached XP level 12. HP: 91/91 MP: 17/22
 11766 | D:8      | Killed a death yak
 11768 | D:8      | Killed a death yak
 11823 | D:8      | Found a staircase to the Lair.
 11839 | D:8      | Learned a level 4 spell: Airstrike
 12064 | D:8      | Noticed Pikel
 12070 | D:8      | Killed Pikel
 12070 | D:8      | Reached ****** piety under Cheibriados
 12225 | D:8      | Found a shadowy altar of Dithmenos.
 12336 | Lair:1   | Entered Level 1 of the Lair of Beasts
 12769 | Lair:1   | Reached skill level 10 in Unarmed Combat
 13629 | Lair:2   | Reached XP level 13. HP: 89/99 MP: 24/24
 14366 | Lair:3   | Identified the amulet "Fovoremy" {Acrobat rN+ Str+3}
 15011 | Lair:3   | Identified the +5 robe of Woxt {rN+ Str+2}
 15061 | Lair:3   | Learned a level 5 spell: Freezing Cloud
 15312 | Lair:3   | Found a staircase to the Shoals.
 15399 | Lair:3   | Found a hole to the Spider Nest.
 16453 | Lair:4   | Found a dark tunnel.
 17014 | Lair:4   | Found a viscous altar of Jiyva.
 17015 | Lair:4   | Found a staircase to the Slime Pits.
 17247 | Lair:5   | Entered Level 5 of the Lair of Beasts
 17259 | Lair:4   | Reached skill level 10 in Dodging
 17259 | Lair:4   | Reached skill level 11 in Unarmed Combat
 17421 | Lair:5   | Reached skill level 10 in Shapeshifting
 17465 | Lair:5   | Reached XP level 14. HP: 97/108 MP: 2/27
 17484 | Lair:5   | Noticed Kirke
 17779 | Lair:5   | Reached skill level 10 in Invocations
 19084 | Orc:1    | Entered Level 1 of the Orcish Mines
 19188 | Orc:1    | Noticed PiratePeteNZ's ghost (journeyman DjCj)
 19198 | Orc:1    | Found a runed translucent door.
 19552 | Orc:1    | Killed PiratePeteNZ's ghost
 19580 | Orc:2    | Entered Level 2 of the Orcish Mines
 19979 | Orc:2    | Reached skill level 10 in Fighting
 20219 | Orc:2    | Found Gathiza's Antique Weapon Shoppe.
 20220 | Orc:2    | Found Ruphewagh's Distillery.
 20220 | Orc:2    | Found Omuhiuj's Antique Weapon Emporium.
 20223 | Orc:2    | Found Ceacaiwkut's Assorted Antiques.
 20235 | Orc:2    | Bought a bubbling puce potion for 24 gold pieces
 20235 | Orc:2    | Bought a scroll labelled WORADE NAOHAINN for 27 gold pieces
 20235 | Orc:2    | Bought a scroll of identify for 54 gold pieces
 20295 | Orc:2    | Found Miytisog's Vocational Training.
 20322 | Orc:2    | Found a staircase to the Elven Halls.
 20581 | Orc:1    | Found a shimmering altar of Xom.
 21263 | D:13     | Noticed Rupert
 21401 | D:13     | Noticed Erolcha
 21423 | D:13     | Killed Erolcha
 21424 | D:13     | Reached XP level 15. HP: 97/115 MP: 23/28
 21503 | D:13     | Identified the +3 trident of Jenub {flame, Contam rElec
                  | MP+9}
 21724 | D:14     | Reached skill level 10 in Short Blades
 21724 | D:14     | Reached skill level 10 in Long Blades
 21724 | D:14     | Reached skill level 10 in Axes
 21724 | D:14     | Reached skill level 10 in Maces & Flails
 21724 | D:14     | Reached skill level 10 in Polearms
 21724 | D:14     | Reached skill level 10 in Staves
 21724 | D:14     | Reached skill level 10 in Ranged Weapons
 21724 | D:14     | Reached skill level 10 in Throwing
 21724 | D:14     | Reached skill level 10 in Armour
 21724 | D:14     | Reached skill level 10 in Stealth
 21724 | D:14     | Reached skill level 10 in Shields
 21724 | D:14     | Reached skill level 10 in Spellcasting
 21724 | D:14     | Reached skill level 10 in Evocations
 22021 | D:14     | Found a gate to the Vaults.
 22026 | D:14     | Reached skill level 12 in Unarmed Combat
 22675 | D:14     | Found Amokloig's Jewellery Emporium.
 23013 | D:14     | Found the +9 sword of Zonguldrok {reap}
 23013 | D:14     | Noticed a bone dragon
 23483 | D:15     | Entered Level 15 of the Dungeon
 24393 | D:15     | Found a staircase to the Depths.
 24522 | D:15     | Found a runed translucent gate.
 24556 | D:15     | Found a runed translucent gate.
 24557 | D:15     | Found a runed translucent gate.
 24558 | D:15     | Noticed NoWhammies's ghost (adept DjHW)
 24558 | D:15     | Found the +6 Majin-Bo {spellvamp, MP+6 Int+6}
 24918 | Shoals:1 | Entered Level 1 of the Shoals
 25533 | Shoals:1 | Identified the +0 leather armour of Dyod Ogh {rPois Int+2}
 25872 | Shoals:1 | Noticed a kraken
 25893 | Shoals:1 | HP: 4/118 [tentacle[a kraken] (19)]
 25893 | Shoals:1 | Mangled by a tentacle

Illustrated notes

Levels and vault maps discovered:
D:1:      roderic_crop_circles_arrival_small, layout_rooms, nrook_mini_backslash
D:2:      layout_loops_corners, hellmonk_ecumenical_altar_zigzags, uniq_terence
D:3:      layout_rooms, hangedman_decor_lopped
D:4:      layout_basic, nicolae_overflow_hallway_of_the_gods,
          kennysheep_small_square
D:5:      layout_basic, kennysheep_mini_moat, minmay_temple_entry_mist,
          chequers_serial_rivers_small_a, palyth_stone_intersect
D:6:      layout_rooms, nicolae_specific_store
D:7:      layout_basic, mainiacjoe_overflow_six_doors_small, serial_undead,
          serial_undead_b, serial_undead_e, serial_undead_a, serial_undead_c,
          serial_shops, shop, grunt_ministairs_6
D:8:      layout_loops_ring, nicolae_elyvilon_peaceful_grove,
          grunt_dithmenos_smoke_and_mirrors, dpeg_lair_monsters, uniq_pikel
D:9:      minmay_spotlight, layout_basic, okawaru_gym_becter, enter_bailey_5
D:10:     layout_roguey, makhleb_altar_promises_db, minivault_22, uniq_grum
D:11:     layout_gridville, orc_0_dummy
D:12:     layout_gridville, serial_ice, serial_ice_n, serial_ice_i,
          serial_ice_o, serial_ice_h, serial_ice_b, minmay_variable_closet,
          doesnt_xom_only_xom
D:13:     layout_roguey, minmay_lindwurm_lava, uniq_rupert, uniq_erolcha
D:14:     layout_long_grid, lightli_vaults_fourway_checkpoint, serial_shops,
          nicolae_shop_back_alley_shop, minmay_misc_feat_cross,
          minmay_guarded_unrand_zonguldrok
D:15:     gammafunk_enter_depths_forms, layout_cave_pools, serial_park_tiny_2,
          gammafunk_ghost_tricky_traps
Lair:1:   layout_cave_pods, beast_lair_carwin_7, infiniplex_staircase_pool
Lair:2:   layout_roguey
Lair:3:   layout_chaotic_city, minmay_shoals_entry_lonely_mermaid,
          nicolae_spider_entry_tight_spaces
Lair:4:   layout_gridlike, dpeg_slime_entry_enclosed,
          nicolae_volcano_entry_s_turn, cheibrodos_lair_reptile_den
Lair:5:   hangedman_lair_caniforms_friends, layout_long_grid,
          hangedman_lair_tendril_chambers, st_stairs_4,
          grunt_forest_large_clearing_hut, uniq_kirke
Shoals:1: layout_shoals
Orc:1:    layout_caves, basic_altar, hellmonk_ghost_happy_afterlife
Orc:2:    st_orc_rangers, layout_caves, roderic_batcave, nicolae_shop_vocational

Skill      XL: |  1  2  3  4  5  6  7  8  9 10 11 12 13 14 15 |
---------------+----------------------------------------------+-----
Invocations    | 1 2 3 4 5 6 7 8 9 10 11 | 11.6
Short Blades   | 1 2 3 4 5 7 9 10 | 10.7
Long Blades    | 1 2 3 4 5 7 9 10 | 10.7
Axes           | 1 2 3 4 5 7 9 10 | 10.7
Maces & Flails | 1 2 3 4 5 7 9 10 | 10.7
Polearms       | 1 2 3 4 5 7 9 10 | 10.7
Staves         | 1 2 3 4 5 7 9 10 | 10.7
Ranged Weapons | 1 2 3 4 5 7 9 10 | 10.7
Throwing       | 1 2 3 4 5 7 9 10 | 10.7
Armour         | 1 2 3 4 5 7 9 10 | 10.7
Stealth        | 1 2 3 4 5 7 9 10 | 10.7
Shields        | 1 2 3 4 5 7 9 10 | 10.7
Spellcasting   | 1 2 3 4 5 7 9 10 | 10.7
Evocations     | 1 2 3 4 5 7 9 10 | 10.7
Conjurations   | 1 2 3 4 5 6 7 8 9 |  9.0
Hexes          | 1 2 3 4 5 6 7 8 9 |  9.0
Summonings     | 1 2 3 4 5 6 7 8 9 |  9.0
Necromancy     | 1 2 3 4 5 6 7 8 9 |  9.0
Translocations | 1 2 3 4 5 6 7 8 9 |  9.0
Transmutations | 1 2 3 4 5 6 7 8 9 |  9.0
Fire Magic     | 1 2 3 4 5 6 7 8 9 |  9.0
Ice Magic      | 1 2 3 4 5 6 7 8 9 |  9.0
Air Magic      | 1 2 3 4 5 6 7 8 9 |  9.0
Earth Magic    | 1 2 3 4 5 6 7 8 9 |  9.0
Poison Magic   | 1 2 3 4 5 6 7 8 9 |  9.0
Fighting       | 3 4 5 6 7 8 9 10 11 | 11.0
Dodging        | 5 6 7 8 9 10 11 | 11.6
Unarmed Combat | 7 8 9 10 11 12 | 12.4
Shapeshifting  | 7 8 9 10 11 | 11.1

Action                     |  1- 3 |  4- 6 |  7- 9 | 10-12 | 13-15 || total
---------------------------+-------+-------+-------+-------+-------++-------
  Melee: Unarmed           |    25 |    88 |   285 |   484 |   103 ||   985
         Bite              |     1 |     7 |    45 |    64 |   172 ||   289
         Punch             |       |     8 |       |     1 |   109 ||   118
         Staff             |       |       |       |       |   739 ||   739
         Maw               |       |       |       |       |    89 ||    89
   Fire: Sling             |    50 |    10 |       |       |       ||    60
  Throw: Boomerang         |       |    16 |     6 |    21 |       ||    43
         Dart              |       |       |       |       |     1 ||     1
   Cast: Ozocubu's Armour  |       |       |     4 |    27 |    34 ||    65
         Frozen Ramparts   |       |       |     3 |    37 |    45 ||    85
         Airstrike         |       |       |       |     3 |   121 ||   124
         Freezing Cloud    |       |       |       |       |    45 ||    45
 Invoke: Slouch            |       |       |       |     1 |     2 ||     3
         Temporal Distorti |       |       |       |     1 |       ||     1
Ability: Begin Untransform |       |       |       |     1 |     2 ||     3
  Evoke: Wand              |       |     2 |    11 |    16 |     8 ||    37
    Use: Scroll            |       |       |     9 |     5 |     9 ||    23
         Potion            |       |       |       |     5 |     4 ||     9
   Stab: Sleeping          |       |     1 |     1 |     4 |    18 ||    24
         Distracted        |       |       |       |     1 |     2 ||     3
 Armour: Animal skin       |     7 |     5 |       |       |       ||    12
         Leather armour    |       |    10 |    36 |    23 |       ||    69
         Skin              |       |       |       |    27 |   119 ||   146
         Acid dragon scale |       |       |       |   149 |    15 ||   164
         Robe              |       |       |       |       |   188 ||   188
  Dodge: Dodged            |    33 |    65 |   202 |   519 |  1016 ||  1835
  Block: Other             |       |       |       |   106 |   213 ||   319
         Reflection        |       |       |       |     2 |    16 ||    18
   Form: Flux              |       |       |     1 |     1 |       ||     2
         Blade             |       |       |       |       |     1 ||     1
         Maw               |       |       |       |       |     1 ||     1

Table legend: (Time is in decaauts)
 A = Elapsed time spent in this place.
 B = Non-inter-level travel time spent in this place.
 C = Inter-level travel time spent in this place.
 D = Time resting spent in this place.
 E = Time spent auto-exploring this place.
 F = Levels seen in this place.
 G = Mean time per level.
                   A        B        C        D        E       F      G
               +--------+--------+--------+--------+--------+-----+--------+
         Total |  36685 |  34049 |   2636 |   3379 |  24638 |  24 | 1528.5 |
       Dungeon |  21952 |  20012 |   1940 |   1611 |  15216 |  15 | 1463.5 |
          Lair |   9845 |   9304 |    541 |    952 |   6578 |   5 | 1969.0 |
        Shoals |   1256 |   1256 |      0 |    375 |    723 |   1 | 1256.0 |
  Orcish Mines |   2593 |   2438 |    155 |    137 |   1834 |   2 | 1296.5 |
        Bailey |   1038 |   1038 |      0 |    304 |    286 |   1 | 1038.0 |
               +--------+--------+--------+--------+--------+-----+--------+

Top non-repeatable levels by time:
  Lair:4: 2783 daAuts
    D:14: 2631 daAuts
  Lair:3: 2439 daAuts
     D:9: 2271 daAuts
     D:7: 2158 daAuts
  Lair:1: 1890 daAuts
    D:12: 1841 daAuts
    D:15: 1810 daAuts
  Lair:2: 1539 daAuts
     D:8: 1529 daAuts
   Orc:2: 1511 daAuts
    D:10: 1420 daAuts
    D:11: 1399 daAuts
    D:13: 1374 daAuts
     D:4: 1258 daAuts
